 Dungeon Crawl Stone Soup version 0.29.1-2-gbd0b4ee654 (webtiles) character file.

Game seed: 12702421881207783969

51117 Nonny the Cruncher (level 14, -2/130 HPs)
             Began as a Purple Draconian Gladiator on Oct 25, 2022.
             Was the Champion of Fedhas.
             Slain by a hornet (11 damage)
             ... while paralysed by a hornet
             ... on level 5 of the Lair of Beasts on Oct 28, 2022.
             The game lasted 01:13:01 (19077 turns).

Nonny the Cruncher (Purple Draconian Gladiator)    Turns: 19077, Time: 01:13:03

Health: -2/130     AC: 19    Str: 20    XL:     14   Next: 22%
Magic:  18/18      EV:  2    Int:  9    God:    Fedhas [******]
Gold:   1378       SH:  0    Dex: 14    Spells: 13/13 levels left

rFire   . . .      SeeInvis .   a - +1 quarterstaff (freeze)
rCold   . . .      Faith    .   (shield currently unavailable)
rNeg    . . .      Spirit   .   (body armour unavailable)
rPois   .          Reflect  .   b - +0 hat
rElec   .          Harm     .   (no cloak)
rCorr   .          Rampage  .   E - +0 pair of gloves
Will    ++...                   s - +1 pair of boots {Stlth+}
Stlth   +++++.....              u - amulet "Roseaq" {Regen+ Slay+2}
HPRegen 1.11/turn               h - +4 ring of protection
MPRegen 0.16/turn               m - +4 ring of protection

@: paralysed, lethally poisoned (-2 -> -8), slowed, studying Invocations
A: breathe power, AC +8, unfitting armour, cold-blooded
a: Breathe Dispelling Energy, Renounce Religion, Wall of Briars, Grow
Ballistomycete, Overgrow, Grow Oklob


You were on level 5 of the Lair of Beasts.
You worshipped Fedhas.
Fedhas was exalted by your worship.
You visited 3 branches of the dungeon, and saw 18 of its levels.
You also visited: Bailey and Volcano.

You collected 1543 gold pieces.
You spent 165 gold pieces at shops.

Inventory:

Hand Weapons
 a - a +1 quarterstaff of freezing (weapon)
Missiles
 d - 12 javelins (quivered)
 g - 33 poisoned darts
 S - a throwing net
Armour
 b - a +0 hat (worn)
 s - a +1 pair of boots of stealth (worn)
 E - a +0 pair of gloves (worn)
Magical Staves
 n - a staff of earth
 C - a staff of air
 R - a staff of poison
 Z - a staff of death
Jewellery
 h - a +4 ring of protection (left hand)
 m - a +4 ring of protection (right hand)
 o - an amulet of guardian spirit
 u - the amulet "Roseaq" (around neck) {Regen+ Slay+2}
   (You found it in a bailey)

   [amulet of regeneration]

   Slay:      It affects your accuracy & damage with ranged weapons and melee
   (+2).
   Regen:     It increases your rate of health regeneration.
 x - a ring of see invisible
 y - a ring of fire
 O - a ring of resist corrosion
Wands
 p - a wand of polymorph (6)
 H - a wand of flame (9)
 J - a wand of quicksilver (33)
 L - a wand of roots (18)
 U - a wand of charming (10)
Scrolls
 c - 2 scrolls of identify
 k - 2 scrolls of fear
 l - 4 scrolls of poison
 q - 3 scrolls of enchant armour
 t - 7 scrolls of teleportation
 v - 2 scrolls of magic mapping
 w - 2 scrolls of enchant weapon
 D - 4 scrolls of butterflies
 N - 2 scrolls of blinking
 Q - a scroll of noise
 T - a scroll of amnesia
Potions
 e - 6 potions of brilliance
 f - 2 potions of heal wounds
 i - 11 potions of curing
 j - 6 potions of mutation
 r - 3 potions of resistance
 z - 6 potions of haste
 B - 3 potions of magic
 F - a potion of ambrosia
 G - 3 potions of lignification
 I - 4 potions of flight
 M - 3 potions of attraction
 P - a potion of invisibility
 X - a potion of berserk rage
Miscellaneous
 A - a phial of floods
 K - a lightning rod (4/4)
 V - a condenser vane


   Skills:
 + Level 13.8 Fighting
 - Level 14.0 Staves
 - Level 1.7 Throwing
 + Level 13.0 Dodging
 * Level 8.7 Stealth
 - Level 6.0 Invocations
 - Level 1.3 Evocations


You had 13 spell levels left.
You didn't know any spells.
Your spell library contained the following spells:

 Spells                   Type           Power      Damage    Failure   Level
 Beastly Appendage        Tmut           0%         N/A       38%         1
 Magic Dart               Conj           0%         1d3       38%         1
 Necrotise                Necr           0%         1d4       38%         1
 Ensorcelled Hibernation  Hex/Ice        0%         N/A       52%         2
 Passwall                 Tmut/Erth      0%         N/A       52%         2
 Poisonous Vapours        Pois/Air       0%         N/A       52%         2
 Scorch                   Fire           0%         2d5       52%         2
 Searing Ray              Conj           0%         2d4       52%         2
 Wereblood                Tmut           0%         N/A       52%         2
 Spider Form              Tmut/Pois      0%         N/A       77%         3
 Swiftness                Air            0%         N/A       77%         3
 Vampiric Draining        Necr           0%         2d6       77%         3
 Corpse Rot               Necr/Pois/Air  0%         N/A       99%         4
 Flame Wave               Conj/Fire      0%         2d4       99%         4
 Fulminant Prism          Conj/Hex       0%         3d6       99%         4
 Olgreb's Toxic Radiance  Pois           0%         N/A       99%         4
 Agony                    Necr           0%         N/A       100%        5
 Summon Cactus Giant      Summ           0%         N/A       100%        6
 Ozocubu's Refrigeration  Ice            0%         4d7       100%        7
 Ignition                 Fire           0%         3d3       100%        8


Dungeon Overview and Level Annotations

Branches:
Dungeon (12/15)            Temple (1/1) D:4            Lair (5/5) D:8
  Swamp (0/4) Lair:2        Snake (0/4) Lair:3        Slime (0/5) Lair:4
    Orc (0/2) D:10         Bailey (visited)         Volcano (visited)

Altars:
Ashenzari
Cheibriados
Dithmenos
Elyvilon
Fedhas
Gozag
Hepliaklqana
Kikubaaqudgha
Makhleb
Nemelex Xobeh
Okawaru
Qazlal
Ru
Sif Muna
Trog
Uskayaw
Vehumet
Wu Jian
Xom
Yredelemnul
Zin
The Shining One
Jiyva

Shops:
D:1 *([=   D:10 [(

Annotations:
D:6 exclusion: door
D:8 Gastronok
D:10 Snorg
Lair:3 3 runed translucent doors, Oluanan's ghost, journeyman DsFi
Lair:4 1 runed translucent door, nshep25's ghost, journeyman MiFi


Innate Abilities, Weirdness & Mutations

You can breathe bolts of dispelling energy.
Your rich purple scales are hard. (AC +8)
You cannot fit into any form of body armour.
You are cold-blooded and may be slowed by cold attacks.


Message History

Reactivating autopickup.
You feel a bit more experienced.
A wolf comes into view.
The hornet stings you but does no damage.
The spriggan rider hits you with a +0 spear!
The hornet barely misses you.
The wolf howls!
Things that are here:
a wolf corpse; a wolf corpse; a wolf corpse The hornet attacks as you move away!
The hornet stings you but does no damage.
You hear a bellow!
You hear a shout! x2
The spriggan rider barely misses you.
You hear a bellow!
You hear a shout!
You hear a bleat!
You hear a howl!
You see here a wolf corpse.
Unknown command.
You bludgeon the hornet!! You freeze the hornet.
The hornet is severely wounded.
The hornet stings you.
You suddenly lose the ability to move!
The spriggan rider hits you but does no damage.
The hornet stings you.
You are poisoned.
You feel yourself slow down.
The spriggan rider hits you from afar with a +0 spear!
The hornet stings you!
* * * LOW HITPOINT WARNING * * *
You feel as though you will be slow longer.
You feel sick. The hornet stings you.
* * * LOW HITPOINT WARNING * * *
You are more poisoned.
You feel as though you will be slow longer.
The spriggan rider hits you from afar with a +0 spear!
* * * LOW HITPOINT WARNING * * *
You feel very sick.
The hornet stings you but does no damage.
The spriggan rider hits you from afar with a +0 spear!
* * * LOW HITPOINT WARNING * * *
The hornet stings you!
You die...
Fedhas appreciates your contribution to the ecosystem.

♣♣♣ .h♣ ♣h♣♣♣
♣ihh♣♣..♣
♣♣♣iil.....
♣♣♣♣@yihy♣....
♣...♣♣♣♣♣♣ .
#.♣♣♣ ##.♣♣
##...♣ ♣♣
#...♣♣ .♣♣
#..## ..#
##..## .##
#...#


You could see a spriggan rider, a komodo dragon, 2 hornets, 2 spriggans and 3
wolves.

Vanquished Creatures
  Rupert (D:12)
  2 boulder beetles (D:11)
  5 hydras
  Erica (D:8)
  2 two-headed ogres (D:11)
  A hell hog (Volcano)
  Urug (D:10)
  Lodul (D:10)
  A fire crab (Volcano)
  A lindwurm (Lair:3)
  Pikel (D:7)
  A bog body (Lair:2)
  17 elephants
  3 black mambas
  Maggie (D:9)
  A rime drake (Lair:1)
  12 cane toads
  3 gargoyles
  9 komodo dragons
  A yaktaur (D:11)
  5 kobold demonologists
  2 polar bears
  A hornet (D:8)
  2 trolls
  A slime creature (D:11)
  5 blink frogs (Lair:3)
  7 dream sheep (Lair:3)
  A vampire (Bailey)
  A shadow (D:12)
  A wraith (D:12)
  6 wyverns
  A basilisk (Lair:4)
  44 yaks
  Grum (D:8)
  12 fire bats (Volcano)
  3 steam dragons
  4 vampire mosquitoes (D:11)
  A naga (Lair:3)
  An acid dragon (D:10)
  12 water moccasins
  A hell hound (Volcano)
  3 ice beasts
  11 orc warriors
  5 sky beasts
  3 black bears
  A boggart (Lair:5)
  14 wolves
  5 centaurs
  10 ogres
  3 phantoms
  3 kobold brigands
  5 bullfrogs
  A necrophage (D:6)
  3 gnoll sergeants
  4 scorpions
  12 wights
  4 killer bees (D:9)
  8 electric eels
  4 howler monkeys
  6 vampire bats (Bailey)
  4 wolf zombies (Bailey)
  10 lava snakes (Volcano)
  9 hounds
  2 jellies
  5 gnoll boudas
  9 orc priests
  6 iguanas
  18 orc wizards
  5 hell rats (Lair:3)
  10 adders
  32 gnolls
  2 white imps
  3 ufetubi
  2 worms
  4 dart slugs
  35 orcs
  6 ball pythons
  7 bats
  4 endoplasms
  4 giant cockroaches
  8 goblins
  5 hobgoblins
  23 kobolds
  3 quokkas
  6 frilled lizards
  20 orc zombies (Bailey)
  8 rats
532 creatures vanquished.

Vanquished Creatures (others)
  An orc (D:7)
  21 fungi
  50 plants
72 creatures vanquished.

Grand Total: 604 creatures vanquished

Notes
Turn   | Place    | Note
-------+----------+-------------------------------------------
     0 | D:1      | Nonny the Draconian Gladiator began the quest for the Orb.
     0 | D:1      | Reached XP level 1. HP: 17/17 MP: 1/1
    23 | D:1      | Found Rofolist's Jewellery Shop.
    31 | D:1      | Starting vault: petrified trees
    32 | D:1      | has amulets of reflection
    32 | D:1      | rings of dex, rPois, SInv, slay
   166 | D:1      | 6 poisoned darts
   196 | D:1      | Found Doebraj's Antique Armour Boutique.
   204 | D:1      | golden ring - protection
   204 | D:1      | +4 AC rin
   204 | D:1      | ring
   221 | D:1      | Found a faded altar of an unknown god.
   237 | D:1      | 165 gold for runed boots
   243 | D:1      | Reached XP level 2. HP: 20/24 MP: 2/2
   256 | D:1      | +0 helmet
   394 | D:1      | Found Utusoaj's Antique Weapon Shoppe.
   496 | D:1      | Nothing special here.
   560 | D:1      | Found Sueroxy's Assorted Antiques.
   568 | D:1      | 1000 gold for phantom mirror
   941 | D:2      | Reached skill level 1 in Stealth
   941 | D:2      | Reached XP level 3. HP: 28/30 MP: 3/3
   946 | D:2      | Another +4 AC ring
  1057 | D:2      | Reached XP level 4. HP: 26/37 MP: 4/4
  1182 | D:2      | Book of Vapours
  1292 | D:2      | Book of Necromancy
  1615 | D:2      | Reached skill level 4 in Staves
  1828 | D:2      | 4quad floor
  1959 | D:3      | Book of Changes
  2147 | D:3      | Found an ancient bone altar of Kikubaaqudgha.
  2410 | D:3      | Wights!
  2424 | D:3      | Reached XP level 5. HP: 29/44 MP: 5/5
  2436 | D:3      | Grey potion - curing
  2437 | D:3      | sedimented emerald potion - lignification
  2445 | D:3      | Reached skill level 5 in Staves
  2445 | D:3      | Reached XP level 6. HP: 23/51 MP: 6/6
  2451 | D:3      | HP: 3/72 [wight/+0 mace (4)]
  2452 | D:3      | smoky black potion - magic
  2453 | D:3      | fuming puce potion - might
  2459 | D:3      | Super close!
  2829 | D:3      | >Unrestrained Analects
  2829 | D:3      | >OGT, OzRf, Ignition
  2858 | D:3      | +0 boots
  3082 | D:1      | Bought a pair of runed boots for 165 gold pieces
  3092 | D:1      | +0 boots of stealth
  3155 | D:4      | Identified the +5 dagger of Sevutenn {drain, Fragile Dex+5}
  3166 | D:4      | Staff of Earth
  3308 | D:4      | Found a staircase to the Ecumenical Temple.
  3329 | D:4      | +0 glaive
  3350 | D:4      | Temple entrance: swirl
  3352 | Temple   | Entered the Ecumenical Temple
  3462 | Temple   | Temple: long oval with deep water + stone wall border.
  3475 | Temple   | Became a worshipper of Fedhas Madash
  3535 | D:4      | Found an opulent altar of Gozag.
  3636 | D:4      | Reached skill level 6 in Staves
  3636 | D:4      | Your scales start taking on a rich purple colour.
  3636 | D:4      | Reached XP level 7. HP: 49/58 MP: 7/7
  3728 | D:4      | regen amulet
  3760 | D:4      | Gnoll pack!
  4358 | D:5      | Entered Level 5 of the Dungeon
  4425 | D:5      | staff of air
  4533 | D:5      | Reached * piety under Fedhas
  4534 | D:5      | +5 flail on wight
  4601 | D:5      | Reached skill level 7 in Staves
  4621 | D:5      | Reached XP level 8. HP: 45/67 MP: 8/8
  4700 | D:5      | Reached skill level 5 in Dodging
  4888 | D:5      | +0 gloves
  5220 | D:6      | +2 great sword on wight
  5230 | D:6      | Reached skill level 8 in Staves
  5231 | D:6      | Identified the +0 robe of Riysch {*Slow rElec rC+++ rCorr}
  5253 | D:6      | Reached skill level 5 in Fighting
  5300 | D:6      | Noticed a two-headed ogre
  5300 | D:6      | Noticed a two-headed ogre
  5303 | D:6      | Lucky only the hound saw me.
  5367 | D:6      | Reached ** piety under Fedhas
  5618 | D:6      | Reached skill level 9 in Staves
  5629 | D:6      | Reached XP level 9. HP: 71/75 MP: 9/9
  5776 | D:6      | Found a bloodstained altar of Trog.
  5781 | D:6      | Found a burning altar of Makhleb.
  5784 | D:6      | Found a sparkling altar of Nemelex Xobeh.
  5785 | D:6      | Found an iron altar of Okawaru.
  5787 | D:6      | Found a radiant altar of Vehumet.
  6081 | D:7      | Found a glowing golden altar of the Shining One.
  6132 | D:7      | Reached *** piety under Fedhas
  6133 | D:7      | orc warrior
  6194 | D:7      | HP: 2/78 [steam dragon/ball of steam (15)]
  6233 | D:7      | Good ole regen amulet.
  6248 | D:7      | Still getting used to this new mechanic...
  6262 | D:7      | Killed the steam dragon
  6566 | D:7      | Identified the +4 mace of the Viper {vorpal, rC++ rN++
                  | Str-4}
  6675 | D:7      | staff of air
  6767 | D:7      | Reached skill level 5 in Stealth
  6905 | D:7      | wand of roots (5)
  7090 | D:8      | Noticed a six-headed hydra
  7121 | D:8      | Noticed Pikel
  7130 | D:7      | He has a +2 whip of flaming and wand of quicksilver (12)
  7133 | D:7      | Killed Pikel
  7134 | D:7      | Reached XP level 10. HP: 88/88 MP: 10/10
  7209 | D:8      | Noticed Erica
  7252 | D:8      | Electric eels around this floor.
  7252 | D:8      | Noticed Grum
  7279 | D:8      | Reached **** piety under Fedhas
  7304 | D:8      | First troll slain
  7305 | D:8      | lol -2 spear on Grum
  7315 | D:8      | Killed Grum
  7434 | D:8      | Reached skill level 1 in Evocations
  7573 | D:8      | +2 trident of flaming on orc warrior
  7651 | D:8      | Found a staircase to the Lair.
  7672 | D:8      | Book of Burglary
  7743 | D:8      | IVIPIU HEAHAU - blinking
  7787 | D:8      | ATHECS RITUDA - fear
  7788 | D:8      | CAREGISAOR - poison
  7789 | D:8      | JAKIS CU AHI - noise
  7790 | D:8      | TUSAVOTOTS - enchant armour
  7817 | D:8      | Noticed Gastronok
  7845 | D:8      | UPETWO XAFEASH - teleportation
  7846 | D:8      | pink potion - brilliance
  7846 | D:8      | QELOEPUPOPP - identify
  7847 | D:8      | COCUIQ JIBEODO - magic mapping
  7848 | D:8      | LEAFYI QUJE - enchant weapon
  7849 | D:8      | CUNTYT KEOKIMP - amnesia
  7850 | D:8      | KOTI WOSTATH - butterflies
  8299 | D:9      | Reached skill level 1 in Invocations
  8300 | D:9      | KOUTIL MAODURR - immolation
  8330 | D:9      | Noticed Maurice
  8366 | D:9      | Noticed Maurice
  8366 | D:9      | Maurice changed into Maurice the wolf
  8370 | D:9      | Killed Maurice the wolf
  8508 | D:9      | Noticed Maggie
  8523 | D:9      | Killed Maggie
  8742 | D:9      | Reached ***** piety under Fedhas
  9271 | D:10     | Entered Level 10 of the Dungeon
  9285 | D:10     | Found Ucitoid's Armour Emporium.
  9285 | D:10     | Found a staircase to the Orcish Mines.
  9286 | D:10     | Found Paeliabo's Weapon Emporium.
  9408 | D:10     | Reached XP level 11. HP: 72/95 MP: 11/13
  9485 | D:10     | Found a flagged portal.
  9530 | Bailey   | Entered a bailey
  9572 | Bailey   | Zombie bailey? Must be new.
  9766 | Bailey   | Reached skill level 10 in Staves
  9798 | Bailey   | +1 flail of holy wrath on gargoyle
  9857 | Bailey   | staff of poison
  9858 | Bailey   | green potion - mutation
  9859 | Bailey   | golden potion - berserk rage
  9860 | Bailey   | dark potion - ambrosia
  9861 | Bailey   | fuming inky potion - resistance
  9862 | Bailey   | fuming sapphire potion - attraction
  9907 | Bailey   | Vampire has a +0 vampiric halberd
  9941 | Bailey   | Identified the +6 chain mail "Qid Cat" {rF+ rCorr Str+2}
  9942 | Bailey   | BERSERK RAGE GETS THE JOB DONE
  9951 | Bailey   | +2 rPois plate armour
  9951 | Bailey   | Identified the amulet "Roseaq" {Regen+ Slay+2}
  9963 | Bailey   | Now that's a good amulet!
 10160 | D:10     | Noticed Lodul
 10253 | D:10     | Killed Lodul
 10265 | D:10     | Not too hard...
 10302 | D:10     | bubbling silvery potion - flight
 10317 | D:10     | Noticed Snorg
 10383 | D:10     | phial of floods
 10513 | D:10     | DYUSEMP USTIHYG - scroll of summoning
 10556 | D:10     | Found a shimmering altar of Xom.
 10581 | D:10     | Noticed Urug
 10590 | D:10     | +1 vamp double sword on her
 10590 | D:10     | Also +4 chain mail of willpower
 10606 | D:10     | Killed Urug
 10868 | D:10     | Reached skill level 11 in Staves
 10885 | D:10     | Reached skill level 10 in Dodging
 11348 | D:11     | Reached ****** piety under Fedhas
 11470 | D:11     | black potion - haste
 11471 | D:11     | sapphire potion - degeneration
 11473 | D:11     | bubbling emerald potion - heal wounds
 11501 | D:11     | Reached skill level 10 in Fighting
 11529 | D:11     | Book of Scorching
 11602 | D:11     | Found a snail-covered altar of Cheibriados.
 11602 | D:11     | Noticed a two-headed ogre
 11615 | D:11     | Noticed a two-headed ogre
 11650 | D:11     | Killed a two-headed ogre
 11667 | D:11     | Yaktaur
 11784 | D:11     | Reached skill level 12 in Staves
 11784 | D:11     | Reached XP level 12. HP: 106/106 MP: 15/15
 11858 | D:11     | Noticed a boulder beetle
 11916 | D:11     | Killed a boulder beetle
 12051 | D:11     | Killed a two-headed ogre
 12153 | D:11     | Noticed a boulder beetle
 12242 | D:11     | Killed a boulder beetle
 12243 | D:11     | Reached skill level 5 in Invocations
 12326 | D:11     | condenser vane
 12789 | D:12     | Noticed Rupert
 12824 | D:12     | Paralysed by Rupert for 3 turns
 12828 | D:12     | Killed Rupert
 12829 | D:12     | Darts and nets did work!
 12832 | D:12     | He had a +2 great mace of protection.
 13137 | D:12     | Reached skill level 13 in Staves
 13201 | D:12     | Noticed a four-headed hydra
 13212 | D:12     | Killed a four-headed hydra
 13471 | D:12     | amikus- whatever scroll - vulnerability
 13833 | D:8      | Killed Erica
 13870 | D:8      | Of course she spawned on the first floor with a hydra.
 14042 | D:8      | Killed a one-headed hydra
 14112 | Lair:1   | Entered Level 1 of the Lair of Beasts
 14479 | Lair:1   | Book of Conjurations
 15050 | Lair:2   | Reached XP level 13. HP: 72/116 MP: 17/17
 15243 | Lair:2   | Found a staircase to the Swamp.
 15266 | Lair:2   | Reached skill level 14 in Staves
 16091 | Lair:2   | staff of death
 16265 | Lair:3   | Found a staircase to the Snake Pit.
 16282 | Lair:3   | Found the +2 hood of the Assassin {Detection Stab+ Stlth++}
 16282 | Lair:3   | Noticed Oluanan's ghost (journeyman DsFi)
 16296 | Lair:3   | Found a runed translucent gate.
 16296 | Lair:3   | Found a runed translucent gate.
 16296 | Lair:3   | Found a runed translucent gate.
 16942 | Lair:3   | PYNUHA GOIL - brand weapon
 17255 | Lair:4   | Found a staircase to the Slime Pits.
 17255 | Lair:4   | Found a viscous altar of Jiyva.
 17336 | Lair:4   | Found a dark tunnel.
 17341 | Lair:4   | Entrance is in the east.
 17343 | Volcano  | Entered a volcano
 17744 | Volcano  | Found a burning altar of Makhleb.
 17767 | Volcano  | +2 rF+ leather armour, flaming rapier, flaming great sword,
                  | rF+ ring armour
 17767 | Volcano  | Not very imopressive.
 17767 | Volcano  | Also a potion of haste and heal wounds.
 17799 | Lair:4   | Found a runed translucent door.
 17801 | Lair:4   | Noticed nshep25's ghost (journeyman MiFi)
 17821 | Lair:4   | Reached XP level 14. HP: 129/129 MP: 18/18
 17904 | Lair:4   | Found a radiant altar of Vehumet.
 18200 | Lair:4   | Identified a scroll of acquirement
 18201 | Lair:4   | something like FOPTITATHRE - acquirement
 18201 | Lair:4   | Acquired a manual of Invocations
 18517 | Lair:4   | Identified the +11 spear of Fump {vorpal, rPois Dex+3
                  | Stlth+}
 18555 | Lair:5   | Entered Level 5 of the Lair of Beasts
 18928 | Lair:5   | KOUFENN ORPHIWU - torment
 18928 | Lair:5   | Came in a stack of 3 on this floor.
 18929 | Lair:5   | I am lacking in resistances still. :)))))))
 19074 | Lair:5   | Paralysed by a hornet for 3 turns
 19077 | Lair:5   | Slain by a hornet

Illustrated notes #♣.♣..♣# #♣...<♣ #.♣#♣♣# #.## ###+## ##.# #....# #.####### #.#..####........ #.........####### #.∩@#........... #....###..###### #.#..# #..... #....# #.#### ###### #.# #.# #.# Turn 31 on D:1: Starting vault: petrified trees #♣.♣..♣# #♣...<♣ #.♣#♣♣# #.## ###+## ##.# #....# #.####### #.#..####........ #.........####### #.@.#........... #....###..###### #.#..# #..... #....# #.#### ###### #.# #.# #.# Turn 32 on D:1: has amulets of reflection #.. .>.### +... ...... ####... ...... #.....##...... #............. #............. ##### #............. #.... #.....@..# #.### #.###'####### #.# #.......# #.# #######.# #.# #.# #.# #.# #.# #.# #.# #.#######.### #...........† Turn 166 on D:1: 6 poisoned darts .. ... .... .K## ###.##### +∩#.....## ##..@...# ##......# #......+ #......# #......# #......# #......# .######......#### ........#.......# Turn 204 on D:1: golden ring - protection ..#...# .[.......# #.......$ #........ ..w.... .....K### #.###.##### #.'@#.....## #)###......# #.###......# ####.# #......+ #....# #......# #.#### #......# #.# #......# #.# #......# #.######......#### Turn 237 on D:1: 165 gold for runed boots ##....###### #.....+....# #.....#....## #.....+..... #.....#...# #.....#...# #.....#...#### #....@.......# #.###........# ##........# ...........# ###....†.).### ######.###.##### #.'∩#.....## #)###......# #.###......# Turn 256 on D:1: +0 helmet #........#............... #........#............... #........#........####### >.....)..#.###'####### .........#.# #.......# ##.#.#+#..## #######.# #..### #.# #.###....# #.# #....@...# #.# ........#### #.#### #.#.##..# #..... # #..# ###### $..# ..#.# ###.# #.. Turn 496 on D:1: Nothing special here. ####.# #......'...... #....# #......####### #.#### #......# #.# #......# #.# #......# #.######......#### #........#.......# ###########.#.......# ##_#..?@.##.#.....>.#### #.#..###.##.'........... #.## #.####........... #.######.#.....##....... #........#.............. #........#.............. #........#.............. ########........#........###### #......>.....)..#.###'####### Turn 568 on D:1: 1000 gold for phantom mirror # #. ##.##.###### .......@..<# ##.....)#.#.# #.#...#.###.. ##.#.## #... #.## .### #. . # . .. Turn 946 on D:2: Another +4 AC ring ..........##.#.## ##.....##.# ..##########.##.###..###.##.# ..# #.###.#.#†.†.....# ..# ##+# ##.###.......# ..# ##...# ### #.)†....# .### #.....# #.......# .#.## .......## #.......# ....#### ........####.......# .......+ .......@'..........# †...#### ........####.......# .#.## ....b..## #.......## .#.# #..<..# #.####### .#[# ##...# #.# .#.# ##+# #.# ...# #.# ..## #.# #.# Turn 1182 on D:2: Book of Vapours #+# #########.# #...>....)# #.###.#### #..## #........###...###### #####.##............# #.######...####.# #.######..## #.##### #...@....## #..)... ########## ####### Turn 1292 on D:2: Book of Necromancy #.# ##'## #.## #.# ##...## ##..# #.#### ##.....## ##...# #.##.## ##.......## ##..#.# #.#...####.........####.....### #........'.........'........... #.#...####.........####....#### #.##.######.......## ##.#.# #......>..##..@..## ###.# #.....###.###...## #.# #.###.# #.# ##'## #.# #.# #.# #.# #.####### #.# #.###.###.# #.......# #.# #.........# ##.#####.#####.# #####.#######...#..........# ##.#.#####......##.####### #.###...###...#.##.# Turn 1828 on D:2: 4quad floor #..........#.## ##########.#.## ### ............ #<. ..##.#.##.## #.# #.##.#.##.# ##.## #.##......# ... #.####.#### #.# #......# #@#####.###### #.......# ######### Turn 1959 on D:3: Book of Changes #.# ## .. ..# #... ### ####.. ... #( #. ..# #.. #.##.##.## #.. #.......># zz# . #........# #z# .# #..#....[## #z##.# #..#......####@z.# ###.........##....## .....#.......#....# ..................# .....#..###..#........ ######....#..#.....##. #..[....####### ##......# ###.#### Turn 2410 on D:3: Wights! ...# #..[....####### ...# ##......# ...# ###z######### ...# #z#.......# .#>## #.z....# ###.## ###z##.# # ##.## #z# ##.## #z# ####...# #@# ##...#.# ### #.......# .......####.############ ..............# ..............# .....#...##.#.# .†.......#..#.# .....##....##.# .....##..#....# Turn 2436 on D:3: Grey potion - curing ...# #..[....####### ...# ##......# ...# ###z######### ...# #z#.......# .#>## #..z...# ###.## ###z##.# # ##.## #z# ##.## #z# ####...# #♣# ##...#.# ### #.......# .......####.############ ..............# ..............# .....#...##.#.# .†.......#..#.# .....##....##.# .....##..#....# Turn 2437 on D:3: sedimented emerald potion - lignification ...# #..[....####### ...# ##......# ...# ###z######### ...# #z#.......# .#>## #......# ###.## ###.##.# # ##.## #z# ##.## #z# ####...# #♣# ##...#.# ### #.......# .......####.############ ..............# ..............# .....#...##.#.# .†.......#..#.# .....##....##.# .....##..#....# Turn 2452 on D:3: smoky black potion - magic ...# #..[....####### ...# ##......# ...# ###z######### ...# #z#.......# .#>## #......# ###.## ###.##.# # ##.## #z# ##.## #z# ####...# #♣# ##...#.# ### #.......# .......####.############ ..............# ..............# .....#...##.#.# .†.......#..#.# .....##....##.# .....##..#....# Turn 2453 on D:3: fuming puce potion - might ...########....#..#.....##. ...# #..[....####### ...# ##......# ...# ###)######### ...# #.#.......# .#>## #......# ###.## ###.##.# # ##.## #)# ##.## #@# ####...# #.# ##...#.# ### #.......# .......####.############ ..............# ..............# .....#...##.#.# .†.......#..#.# .....##....##.# Turn 2459 on D:3: Super close! ####### ######....!# .......@#.# .w..##..#.### # ##.##.....# #... #...#.....# ... #.#.#.##...# #.. ###..##.## # #.. # #...#..#.# # zz# #..##.###..# # #.#. .#. #.#....# Turn 2829 on D:3: >Unrestrained Analects #.........#.# ......†..##..#.### ## ####.####.##.....# ..# .##... .#...#.....# ####.. ....####.#.#.##...# ( #. ..# #..#...)###..##.## .##.##.## #...####...#..#.# .......># zz##.#..##.###..# ........# #.#.@.#..#.#....# ..#....[## #.##.###.##)###.## ..#......####...#.# #.).#....# .........##....##.).###.#....# ..#.......#....#.###.#.#.....# ...............#.. #.†.#.....# ..#..###..#........[###....### ###....#..#.....##..##..##.# #..[....########......##.# Turn 2858 on D:3: +0 boots #.....#...# #.....#...#### #....[.......# #.###........# #.###........# #............# #####......(.### ######.###.##### #.'@#.....## #)###......# #.###......######### ####.# #......'........ #....# #......######### #.#### #......# #.# #......# #.# #......# #.######......#### Turn 3092 on D:1: +0 boots of stealth #.# ##.# #..# ############..# #............<# ..###.)..###### #....># #.##### #@# #.# #.# #|# #.# #.# #.. ### Turn 3166 on D:4: Staff of Earth ########### ##.......... #..###.)..## . ## ##.## #....># #.# .### #..# #.##### #.## ..### #.## #.# .##...###...###.# #.# #........#.##..# #.# #..>..##.@.##.## #.# .# ......#..###..# #.# ...###...##.###..## #.##### ...###.#..##..## #...... .....#.#.###.## ####### #.###.....###.# #......#.#....# #####......#### #.)...## Turn 3329 on D:4: +0 glaive ####.# #### #....# ##... ##.#..# #..## #.....### ##.## ##.#.#...### #..# #..#.###...### #.## ##.##...###...###.# ###..#........#.##..# #...##.@>..##.).##.## #.#........#..###..# #...###...##.###..## ###...###.#..##..## #.....#.#.###.## #.###.....###.# #......#.#....# #####......#### #.)...## Turn 3350 on D:4: Temple entrance: swirl ...........≈≈≈≈≈≈≈≈# ..............≈≈≈≈≈# ........._......≈≈≈# .._.............≈≈≈# .................≈≈# .................≈≈# ......_......_...≈≈# .................≈≈# ................@≈≈# .._.............≈≈≈# ........._......≈≈≈# ..............≈≈≈≈≈# ...........≈≈≈≈≈≈≈≈# .......≈≈≈≈≈≈≈≈≈≈≈≈# ≈≈≈≈≈≈≈≈≈≈≈≈≈≈≈≈≈≈≈# #################### Turn 3462 on Temple: Temple: long oval with deep water + stone wall border. ################ #......##...... #......##....$ ######......##!?.. ............+...># ######......# #@# ##'##+## #g# #.##g#####g# #..#gg.g)gg# ##.#######.#####.# #.#######.......# #.........!...#.. #########.###.# #.# # Turn 3728 on D:4: regen amulet ################# #......##.......# #......##....$..### #######......##!?........ .............+...># #######......####.# ##'##+## #)# #.##.#####)# #..#...$)@)# ##.#######.#####.# #.#######.......# #.........!...#.. #########.###.# #.# # #.# #.# #.# Turn 3760 on D:4: Gnoll pack! #.........?# ##..........# ............# #..........# #..........####.. #................ #...........# #...........# #.........@.# #####.##.##.# #.##....# ###.##################### #........................ #.##.#################### #.##.# #....# ###### Turn 4425 on D:5: staff of air .#....... ........ ... ...... .. ..... .. ... . . #.# .# ...#####.#######.##### ..............)....... ..............@.z..... ...#####.#####z)...... #....##.#...... #....+......... #########...##.....#.? #...........##.....# . ##...........##.....# #............##.....# #.#.###.##...# Turn 4534 on D:5: +5 flail on wight ######## ########## #......# #..<.....# #......# #........# #......# #........#### #......# #......@....####....#### ###########.#........... #...#####.#.......#### #.................#... #...#####.#........... #.........#.......#... ###########.......#### #....#####.#### # #########....#####.####### Turn 4888 on D:5: +0 gloves #'#######.# ####....##.).+ ........#...# ............# ............# ............# ............######## .............'...S.#... ..##...###...#..@z[#...### #...###...#######.....# #.....'.)^.# #......# #.....#....## ##......# #.....#.....#+#.......# #....†#.............†.# #.....#.......##......# #.....#....)))##....<.# ###..#######'###......# Turn 5220 on D:6: +2 great sword on wight ##.#.##.##.## #...#.[.#..## ##.#######..## #######.#.†...#...# ...##.).'.....#...# ...#...#########..# .......# O...h.#..# .......# ..S...+..# .......# O..J..#@.# .......#########..# ........'.....#...# ..###...#...)[#...### ..###...#######.....# ....'.)^.# #......# ....#....## ##......# ....#.....#+#.......# ...†#.............†.# Turn 5303 on D:6: Lucky only the hound saw me. ##.###..##..###... ########### ... ##..##..#..#.# #### ##..#..#..#.# #.#.....#.## #...#......# ##.........# ###.......# ##......# #..@...# ..............# ####.....!....# #...o......# #.##.####### .. ... .#. ### #. Turn 6133 on D:7: orc warrior ###.......##..#..##..######### #.........##...+#............ #>.........## ##..# #<....... ##.###..##..###...# ######### ... ##..##..#..#.# #### ##..#..#..#.# #.#.....#.## #...#D.....# ##..@......# ###.......# ##......# #######..)...### #..)))))).......# #.####.)...!....# ... #..........# ...#. #.##.####### #...#. ....... Turn 6233 on D:7: Good ole regen amulet. #........##..#.#..##...### #. ###.......##..#..##..#########. #.........##...+#............. #>.........## ##..# #<........ ##.###..##..###...# ########## ... ##..##..#..#.# #### ##..#..#..#.# #.#.D...#.## #...#@.....# ##.........# ###.......# ##......# #######..)...### #..)))))).......# #.####.)...!....# ... #..........# ...#. #.##.####### Turn 6248 on D:7: Still getting used to this new mechanic... #........##..#.#..##...### ###.......##..#..##..######## #.........##...+#........... #>.........## ##..# #<...... ##.###..##..###...# ######## ... ##..##..#..#.# #### ##..#..#..#.# #.#.....#.## #..@#......# ##.........# ###.......# ##......# #######..)...### #..)))))).......# #.####.)...!....# ... #..........# ...#. #.##.####### Turn 6262 on D:7: Killed the steam dragon ##.## #####.# #. #.# #.# #. #.. #.# #. #.# #.# #. #.# #.# ## #.# #.# #################)#### #....@................ #.###############.#### #.# #.# #.# #.# #.# #.# #.###############.# #.................# #.################# #.# Turn 6675 on D:7: staff of air #...#...(............# #......#.#.######....# #.#.#.##.#.# ###..# #.#.#.##.#.##### ##.# #.#.#.##.#.....# #.## #.#..........#.#####..# #............#........# ######.......#.######.. #@......#......... ..<...........#.######.. ##.#..###.....#.######.. ...##.......#......##. #.#. .#.#..........##. .... #..##......##. ..# ##..##########. .# ####...# #. #......##########. Turn 6905 on D:7: wand of roots (5) ..#####.#.)..........#..# #.# ..........#.##....#..#..# #.# ..#####.#.........#..#..# #†# ..# #.#.#.#...........# #.# ..# ##.#.#...[...#..#.## #)# ### #....#....#..#..#.#######.# #..#............#.......).# ######............#.########.#)# ................@K........##.#)## ###########.##.#..##............. #.....)......##.#######.#.## #.###.#...#...#.# #.#.## #.##..........#.# #.#... #.##..#.......#.# #.#### #.............#.# #.# #..####.......#(### #.# #####..######.....#.#.#####.#### Turn 7130 on D:7: He has a +2 whip of flaming and wand of quicksilver (12) ~.S≈ #.## ≈≈≈~~..#.# ≈≈~≈≈≈~#.# ~.≈≈≈≈≈#.# .~~≈≈≈≈#.# ..~≈≈≈≈#.# ..~≈≈≈≈#.# .~~≈≈~~#.####.# ..~≈≈~.@........ ~h~≈~..######.#. ~≈.~§.. ~~~.... T≈§S... ~≈~.~S. ~~~.~.. ~~..~.. Turn 7252 on D:8: Electric eels around this floor. #..#..).......... ######..#..##..####..> ...........##..# ...####..#####..# .............#.<# @.#####.........# ##.####.#.## #..........# #..######@### .... #†# §§§.. #g# .~... ##h# .~§S #..# ~.S≈ #.## ≈≈≈~~..#†# ≈≈~≈≈≈o#.# ~.≈≈≈≈≈#.# Turn 7304 on D:8: First troll slain #..#..).......... ######..#..##..####..> ...........##..# ...####..#####..# .............#.<# @.#####.........# ##.####.#.## #..........# #..######@### .... #†# §§§.. #g# .~... ##h# .~§S #..# ~.S≈ #.## ≈≈≈~~..#†# ≈≈~≈≈≈o#.# ~.≈≈≈≈≈#.# Turn 7305 on D:8: lol -2 spear on Grum ~~~.~ ...~ ~~..~ .... ... #.. #.# #.# #.###########.# #.....)@......# #############.########## #.<..)))...< ############ Turn 7573 on D:8: +2 trident of flaming on orc warrior .. #.... .# ... ##....#.# #.#.# #.......# #.#.# #........ #.#.# .......# ##.#.### #...#.# #....... #...#># #..#..). #...@.########..#..## ##..##..............## #. ............####..##### #. ####...................# #. #...........#####....... #. #.##..#####.# ###.####.# #. #.##..# #.###@...†.... #. #.##..#####.##÷.######.# ####.#####.##................##)# Turn 7672 on D:8: Book of Burglary #. #.##..# #.###.. #. #.##..#####.##÷.# ####.#####.##............. #[......##.##.......~..... #.......##.##.......~....~ #..(....##.##.....≈.~~~~~~ #..........##...~~≈~.~≈~~≈ #.......#........~≈~≈≈≈≈≈~ #.......#@###....~~~~≈≈≈~≈ #.......#.# ##.≈≈≈≈)~.~.≈≈ #########.# #..≈≈≈....~~≈ #.# #.≈~≈.≈.>..~≈ #.# #~~≈~......~≈ #.# #..≈≈~....~~≈ #.# #..~≈~.~...~≈ #.# ....~~~~.~.~§ #.# ~≈h~ Turn 7743 on D:8: IVIPIU HEAHAU - blinking ###.# #.#.# #.# ....# #.#.# #.# ##### ##.#.####.# # #.........####### # #..#..[.......... ########..#..##..####..> .............##..# ....####..#####..# ..............#.@# ...#####.........# ##.# ###.####.#.## #.###....÷.....# ##.##÷.######.### ...........##[# ..~........##.# ..~....~≈..##.# ≈.~~~~~~~..#..# Turn 7787 on D:8: ATHECS RITUDA - fear ###.# #.#.# #.# ....# #.#.# #§# ##### ##.#.####§# # #.....§§§§####### # #..#..[§§§§...... ########..#..##§§####..> .............##§§# ....####..#####§§# ..............#§@# ...#####.§§§§§§§§# ##.# ###.####§#§## #.###....÷§§.§§# ##.##÷.######§### ...........##§# ..~........##.# ..~....~≈..##.# ≈.~~~~~~~..#..# Turn 7788 on D:8: CAREGISAOR - poison ###.# #.#.# #.# ....# #.#.# #§# ##### ##.#.####§# # #.....§§§§####### # #..#..[§§§§...... ########..#..##§§####..> .............##§§# ....####..#####§§# ..............#§@# ...#####.§§§§§§§§# ##.# ###.####§#§## #.###....÷§§.§§# ##.##÷.######§### ...........##§# ..~........##.# ..~....~≈..##.# ≈.~~~~~~~..#..# Turn 7789 on D:8: JAKIS CU AHI - noise ###.# #.#.# #.# ....# #.#.# #§# ##### ##.#.####§# # #.....§§§§####### # #..#..[§§§§...... ########..#..##§§####..> .............##§§# ....####..#####§§# ..............#§@# ...#####.§§§§§§§§# ##.# ###.####§#§## #.###....÷§§.§§# ##.##÷.######§### ...........##§# ..~........##.# ..~....~≈..##.# ≈.~~~~~~~..#..# Turn 7790 on D:8: TUSAVOTOTS - enchant armour .#># #..#..[...w...... ...########..#..##..####..> ##..............##..# .......####..#####..# .................#.<# ......#####.........# #####.# ###.####.#.## # #.###....÷.....# #####.##÷.######@### ..............##[# .....~........##.# .....~....~≈..##.# ...≈.~~~~~~~..#..# .~~≈~.~≈~~≈.~.#.## ..~≈~≈≈≈≈≈~~..#.# ..~~~~≈≈≈~≈≈≈~#.# ≈≈≈≈)~.~.≈≈≈≈≈#.# Turn 7845 on D:8: UPETWO XAFEASH - teleportation .#># #..#..[...w...... ...########..#..##..####..> ##..............##..# .......####..#####..# .................#.<# ......#####.........# #####.# ###.####.#.## # #.###....÷.....# #####.##÷.######@### ..............##[# .....~........##.# .....~....~≈..##.# ...≈.~~~~~~~..#..# .~~≈~.~≈~~≈.~.#.## ..~≈~≈≈≈≈≈~~..#.# ..~~~~≈≈≈~≈≈≈~#.# ≈≈≈≈)~.~.≈≈≈≈≈#.# Turn 7846 on D:8: pink potion - brilliance .#># #..#..[...w......,***,* ...########..#..##..####..>,,,,^, ##..............##..# *,**,**,,* .......####..#####..# *,**,**,,* .................#.<# *,**,**,,* ......#####.........# *,**,**,,* #####.# ###.####.#.## *,**,**,,, # #.###....÷.....# *,**,**,** #####.##÷.######@### *,**,**,* ..............##[# *,**,**,** .....~........##.# *,,,,**,,, .....~....~≈..##.# ***,,***** ...≈.~~~~~~~..#..# *,,* * .~~≈~.~≈~~≈.~.#.## *,,* ** ..~≈~≈≈≈≈≈~~..#.# *,,* *, ..~~~~≈≈≈~≈≈≈~#.# *,,* *, ≈≈≈≈)~.~.≈≈≈≈≈#.# *,,* *, Turn 7847 on D:8: COCUIQ JIBEODO - magic mapping #.# #..≈≈~....~~≈≈h~#.### #.# ##..~≈~h~...~≈≈~...... #.###....~~~~.~.~§T§.##### #.##.#...~≈≈≈.~≈.~~.h,,,,, ######.#*#...~≈≈≈~.~~~....*,*** #......# *#..≈≈≈≈~.~≈~≈...*,* #.###### #.~!≈≈.~.~≈~.~S.*,* #.# #...~~.~.~~~.~..*,* #.# #...@~...~~..~..*,* #.# #...........,,,,,,* #.# #...........,,,,*** #.# ###..#######***** #.# #.## #.# #.# #.###########.# #.....))......# #############.################# Turn 7848 on D:8: LEAFYI QUJE - enchant weapon #.# #..≈≈~....~~≈≈h~#.### #.# ##..~≈~.~...~≈≈~...... #.###....~~~~.~.~§T§.##### #.##.#...~≈≈≈.~≈.~~.h,,,,, ######.#*#...~≈≈≈~.~~~....*,*** #......# *#..≈≈≈≈~.~≈~≈...*,* #.###### #.~!≈≈.~.~≈~.~S.*,* #.# #...~~.~.~~~.~..*,* #.# #...@~...~~..~..*,* #.# #...........,,,,,,* #.# #...........,,,,*** #.# ###..#######***** #.# #.## #.# #.# #.###########.# #.....))......# #############.################# Turn 7849 on D:8: CUNTYT KEOKIMP - amnesia #.# #..≈≈~....~~≈≈h~#.### #.# ##..~≈~.~...~≈≈~...... #.###....~~~~.~.~§T§.##### #.##.#...~≈≈≈.~≈.~~.h,,,,, ######.#*#...~≈≈≈~.~~~....*,*** #......# *#..≈≈≈≈~.~≈~≈...*,* #.###### #.b!bbb~.~≈~.~S.*,* #.# #.bb~~b~.~~~.~..*,* #.# #.bb@bb..~~..~..*,* #.# #.bbbb......,,,,,,* #.# #..b.b......,,,,*** #.# ###..#######***** #.# #.## #.# #.# #.###########.# #.....))......# #############.################# Turn 7850 on D:8: KOTI WOSTATH - butterflies #...##..###... #...##..# #...# #...##..# #...# #...##..# #...# #...##..# #...# #.<.##..# #...# #...##..# #...# #...##..# #.).# #...##..###@..##.# #...##............. ################### Turn 8300 on D:9: KOUTIL MAODURR - immolation ....... ...# #.....♣♣...# #........... +........♣.♣ ###..........♣ #............. #............. #...#..#...... #).@#..# +#### #...#..# #...#..# 8 #...#..########+#.. ♣♣♣#####..#........... ♣≈≈≈≈≈≈#.)#≈≈≈≈≈≈≈≈≈≈≈ ♣≈≈≈≈≈≈#..#≈≈≈≈≈≈≈≈≈≈≈ #....#..#....# ##..........## Turn 9572 on Bailey: Zombie bailey? Must be new. ######## #....... ##....... ##@..####### #++##..9##....8# .........#......#+#### 8........)......#....# ########....#...#....# #8....)##..##...'....# #.......####....'....# #..♣.....#)..####....# #####...♣...)...#..#....# Turn 9798 on Bailey: +1 flail of holy wrath on gargoyle ############# #.......8#@.# ##.......8#))# ##...#######).# #++##..)##....8#..# ........#......#'#### ........)......#....# #######....#...#....# 8....)##..##...'....# .......####....'....# Turn 9857 on Bailey: staff of poison ############# #.......8#@.# ##.......8#))# ##...#######).# #++##..)##....8#..# ........#......#'#### ........)......#....# #######....#...#....# 8....)##..##...'....# .......####....'....# Turn 9858 on Bailey: green potion - mutation ############# #.......8#@.# ##.......8#))# ##...#######).# #++##..)##....8#..# ........#......#'#### ........)......#....# #######....#...#....# 8....)##..##...'....# .......####....'....# Turn 9859 on Bailey: golden potion - berserk rage ############# #.......8#@.# ##.......8#))# ##...#######).# #++##..)##....8#..# ........#......#'#### ........)......#....# #######....#...#....# 8....)##..##...'....# .......####....'....# Turn 9860 on Bailey: dark potion - ambrosia ############# #.......8#@.# ##.......8#))# ##...#######).# #++##..)##....8#..# ........#......#'#### ........)......#....# #######....#...#....# 8....)##..##...'....# .......####....'....# Turn 9861 on Bailey: fuming inky potion - resistance ############# #.......8#@.# ##.......8#))# ##...#######).# #++##..)##....8#..# ........#......#'#### ........)......#....# #######....#...#....# 8....)##..##...'....# .......####....'....# Turn 9862 on Bailey: fuming sapphire potion - attraction ###### ##.V!8## ##!!.@["## #8..##..8# #.. ##..# #..# ##..############# #...##...#.......8#..# #......##.......8#))# ##....##...#######).# ###''##..)##....8#..# #.........#......#'## Turn 9907 on Bailey: Vampire has a +0 vampiric halberd ###### ##.@!8## ##!!..["## #8..##..8# #..# ##..# #..# ##..############ #...##...#.......8#.. ##......##.......8#)) ##....##...#######). ###''##..)##....8#.. Turn 9942 on Bailey: BERSERK RAGE GETS THE JOB DONE ###### ##.).8## ##....@"## #8..##..8# #..####..# #..# ##..############# #...##...#.......8#..# ##......##.......8#))# ##....##...#######).# ###''##..)##....8#..# #.........#......#'### Turn 9951 on Bailey: +2 rPois plate armour ###### ##.).8## ##....[@## #8..##..8# #..####..# #..# ##..############# #...##...#.......8#..# ##......##.......8#))# ##....##...#######).# ###''##..)##....8#..# #.........#......#'#### Turn 9963 on Bailey: Now that's a good amulet! . .. ... ..... ########## ....? ........# ......####8###8#### #######8∩"......@).# .......##8###8####)# .................#.# .......###########.# ..........#.....##O# ..........#...OO...# ##........#.....#### .#........#.....# .'..####'##.....# Turn 10265 on D:10: Not too hard... ##.......................# #.............#######...# #.............# #...### ###....#+####.# #.....# ##...# .'.# #.....# +... #.#######.....# #... #.............# #.. #.............# #.@.......##### ...............# +##....?.......# #.$............# #..........##### #..........# #..........# ...........# Turn 10302 on D:10: bubbling silvery potion - flight #. #.........#.... ..# #.#..###.......#+##' ..#.#?#....#............ >...#.#....#............ ....≈c≈...+#............ ....≈≈≈................. ........................ ........................ .......@................ ..............#########. ###########...# #. #...# #. #...# #. #...# ## #...# ##### Turn 10383 on D:10: phial of floods .. PP ..... #......# #####...#..# #@D...Y.#..# #. #.o.....#..# #. #oTY....#..# +. #o.Y....#..# #. #.o.....#..# #. #Y....[.'..######. +.......#......... #.......###....... ###.........#....... Turn 10513 on D:10: DYUSEMP USTIHYG - scroll of summoning #####+####............. #........'.#####....... #...<....#.# #....... #........#[# #.....∩. #........#.# +....... #........#.+ #.....>. #........#.# #....... .##########.#####.....∩. ......o@................ ........####'##......... ........#.....#......... ........#.....#......... ........#.....#........# ..............#.......## ##.P.PPPPP.P..#.......# ..P.......P.##....#### .P.P...P.P......## Turn 10590 on D:10: +1 vamp double sword on her ......######## ......'......# ......######.# ... ......# ########.... ......##### #............ ...#+#....# +......^..... ##.#.#....# #............ #..#......+ +............ #..#......# #.@........# #.##.#....# #..........# .....#....# #.......### ###################'####### ........................... ###################.######## .................... #####.......####### #.............# Turn 11470 on D:11: black potion - haste ......######## ......'......# ......######.# ... ......# ########.... ......##### #............ ...#+#....# +......^..... ##.#.#....# #............ #..#......+ +............ #..#......# #.@........# #.##.#....# #..........# .....#....# #.......### ###################'####### ........................... ###################.######## .................... #####.......####### #.............# Turn 11471 on D:11: sapphire potion - degeneration ......######## ......'......# ......######.# ... ......# ########.... ......##### #............ ...#+#....# +......^..... ##.#.#....# #............ #..#......+ +............ #..#......# #.@........# #.##.#....# #..........# .....#....# #.......### ###################'####### ........................... ###################.######## .................... #####.......####### #.............# Turn 11473 on D:11: bubbling emerald potion - heal wounds #.# ### ####### #.....# #.....# #.....# ###.....#######+### ........##......@.# ..^.....''........###### ........##......†.'..... ........##........###### ......####......†.+ ......# #........# ...#### ######+#.# '####### .# ........ .. Turn 11529 on D:11: Book of Scorching .. #.#.....#..####.c.## #.####.#####.#....#h..## .......#.............## #.#....#.###...#.#.### #.##.#'###...#...# #.......##...#.### #.#..##.^.##...#g# #.........##...#)# ###.......'....#@# ....###...###..#.# #######...###..#.######### ......'...'....#...).....# #######...####+#########.# ####......# #......# #......# #......# Turn 11667 on D:11: Yaktaur #.### ############...##### #...# #...# ####'##### #...# #..(.....# #...# #........# #...# #........# #...# #......[.# ###### ##### #........# #....# ####'########@...# #.# #.......# #.# #.......# #.# #.......# #.# #....[..# #.#####......## #...>))).....+ #######......# ######## Turn 12326 on D:11: condenser vane ###### ########## .....# #..(..(..# ##...# #.####...# #...# #...# #...# #...# #...# #.).# #...# #...# #...# #.@.# #<..# #...# #...# #..?# #...# #...# #.(.# #...# #...# #...# #...# #...# #...# #...# #...# #...# Turn 12829 on D:12: Darts and nets did work! ###### ########## .....# #..(..(..# ##...# #.####...# #...# #...# #...# #...# #...# #.@.# #...# #...# #...# #...# #<..# #...# #...# #..?# #...# #...# #.(.# #...# #...# #...# #...# #...# Turn 12832 on D:12: He had a +2 great mace of protection. ### ########### ######## #.# #.........# #....... #.# #.........# #....... #.# #.........# #....... #.# #.........# #....... #.# #.........# #....... #.# #....@....# #....... #.# #.........# #....... #.# #.........# #....... #.# #.........# #....... #.# #.........# #....... #.# #.........# #....... #.# #.........# #....... #.# #.........# #....... #.# #......... #....... Turn 13471 on D:12: amikus- whatever scroll - vulnerability .###.# #.#.# #.# #.... .....# #.#.# #.# #.##[ .##### ##.#.####.# #.##. .# #.........######### #.##. ># #..#..[...........###.##. .########..#..##..####..>....^... ..............##..# #.##.##..### .....####..#####..# #.##.##..# ...............#@<# #.##.##..# # ....#####.........# #.##.##..### ###.# ###.####.#.## #.##.##..... #.###..........# #.##.##.#### ###.##..######.### #.##.##.# # ............##[# #.##.##.#### ...~........##.# #....##)...# ...~....~≈..##.# ###..#####.# D≈.~~~~~~~..#..# #..# #.. Turn 13870 on D:8: Of course she spawned on the first floor with a hydra. #........ ##.#..... ...............# ###..... #..............# #..... ....#..........## #..... ##... ##........# ##..... #....###P.......# #...... ##...#.##.......#######...... ............................ .........@................ #......................## ##........############.## #.........## #..# ##.........# #.## ##........## #.# #P........# #†# ##........### #######.# ..............#.####.##.##.### Turn 14479 on Lair:1: Book of Conjurations ##P...# ##...##P...........P. ###>P# #....####......#..... #### ##...# ##....###.... ##### #....# #...## #P... #P#.# ##...## #...# ##... #...# #.....# ##...# #.... #...# ##....###....## ###.. #...## #...#.##.....# #... #....# #..@.####...## #... #...## #...P# #...P####... #...# #....# #....##..... ##...# ###..P# #.........P# #....# #....P# ##........## ##.(.# ##...## ##......## ##...# #...## ####....#÷# #....# #....## #.#......### #....### #.....####....>..##. Turn 16091 on Lair:2: staff of death .........## ........#.# .........###### ## .........#.#.P###.#### # ..............##.....#.. .......................# ........................ ..÷..................... ................@....... ........................ ........................ ....................Y... ........#....########... .......###..## Y. .......÷##### . .......#.##### .......#..#..# Turn 16942 on Lair:3: PYNUHA GOIL - brand weapon .................,**,* .................,,,,* ............P...,,,,*** ##.##.....#,.P#*,**,,,* ***#....###.#*******,* #....##.#* *,* #####....#..# ### *,* ............####∩####.# .#.#............@.....#* .........##............# .P##........###§≈≈###.## #####<...#.## #≈≈≈# *** #***#....###**#≈≈≈# #*,*#......,,*##### .,,,.......,,,***** ,,,,,,,,,,,,,,,,,,** ,,,,,,,,,,,,,,,,,,,* Turn 17341 on Lair:4: Entrance is in the east. ############ #### #)≈[§§≈._.#8###..## #≈.≈.§....##8..##.# #)≈.≈.≈#####.###.## #≈.§.≈.#8####†##.# #.≈.≈.≈...@..##8.## #≈.≈.≈.#8#####8##.# #.§.≈.≈####.#####.# #≈[≈.≈.###.#..##.## #########.####..## ###### #.# #### ##....## #.# ##......###.## ##.......##8.8# Turn 17767 on Volcano: +2 rF+ leather armour, flaming rapier, flaming great sword, rF+ ring armour

###.##P.....##........#.....#
#P..###....###...+.........##
# #.....###.##
###.#.#..##.+#.### ###.#######
##.......#......##
#.####..####....#..#.#...#.#.
#..........+.............#...
*#.<........#...⌠.......⌠...+.
#.........................#.#.
##...........@.#..#...#...#.#.
*P..........#.......##.....###
##...........#.####..###+,#*,.
#..............***.#**,,,*,,,
*#..####PP..#*...*****,,,,,*,,
*..P#**##...**..P#**,,⌠,>,⌠*,,
**,***,*##.#*,..P.*,,,,,,,,,,,
*,,,,*,,,.>**,..+..,,,*,⌠,,*,,
**,,**,,,,,*,,,,***,,****,*,,,


Turn 18201 on Lair:4: something like FOPTITATHRE - acquirement
#.#................... ####..P#.#.#....#### #...########.## ##...# ###.## ....##
#....# ###.## #.#..# ####.# #####...# # ..#P. #.......##.#### .....
........@.....# ..... #.............# ..... #.##..........# ..... ##
#...........# ..... #...........# ..... #P..........#? ..... .............#
[.... .............# ..... Turn 18928 on Lair:5: KOUFENN ORPHIWU - torment
#.#................... ####..P#.#.#....#### #...########.## ##...# ###.## ....##
#....# ###.## #.#..# ####.# #####...# # ..#P. #.......##.#### .....
........@.....# ..... #.............# ..... #.##..........# ..... ##
#...........# ..... #...........# ..... #P..........#? ..... .............#
[.... .............# ..... Turn 18929 on Lair:5: I am lacking in resistances
still. :)))))))

Levels and vault maps discovered:
D:1:      pf_arrival_petrified_forest, layout_basic, serial_shops,
          nicolae_shop_window_shopping, nicolae_shop_stone, shop,
          nicolae_square_shop, ebering_ecumenical_altar_rust
D:2:      layout_loops_corners
D:3:      layout_loops_cross, mainiacjoe_overflow_alcove_4,
          minmay_pentomino_pile
D:4:      layout_basic, lemuel_coloured_pillars_altar,
          minmay_temple_entry_slanted
D:5:      layout_basic
D:6:      layout_gridville, minitemple, minmay_divided_ellipse
D:7:      layout_basic, tso_metal_star, minmay_bent
D:8:      layout_loops_ring, erik_lair_island, uniq_gastronok, uniq_grum,
          uniq_erica, uniq_pikel
D:9:      layout_long_grid, corner_web_ring, hex_tiny, uniq_maggie, uniq_maurice
D:10:     minmay_bubble_buster, layout_irregular_city,
          mainiacjoe_overflow_cross_hatched, orc_david_3, enter_bailey_8,
          kb_lookout_dungeons_type, eino_small_chamber_without_monster,
          uniq_snorg, uniq_urug, uniq_lodul
D:11:     layout_basic, minmay_ruined_shrine
D:12:     layout_long_grid, uniq_rupert
Temple:   dshaligram_water_room_temple
Lair:1:   layout_small_grid
Lair:2:   layout_concentric_octagons, skrybe_swamp_entry_bodies,
          cheibrodos_lair_reptile_den, infiniplex_staircase_pool_2
Lair:3:   layout_hall_layers, guppyfry_snake_entry_garden,
          gammafunk_ghost_split, nicolae_lair_grazing_beasts
          [nicolae_sub_lair_graze_edge, nicolae_sub_lair_graze_edge,
          nicolae_sub_lair_graze_edge, nicolae_sub_lair_graze_edge],
          lemuel_fruit_tree
Lair:4:   layout_regular_city, slime_entry_1, nicolae_volcano_entry_hallway,
          ebering_ghost_funeral_grove, basic_altar, grunt_megastairs_1
Lair:5:   minmay_lair_end_enchanted_forest, layout_small_grid

Skill      XL: |  1  2  3  4  5  6  7  8  9 10 11 12 13 14 |
---------------+-------------------------------------------+-----
Dodging        | 3 4 5 8 9 10 11 12 13 | 13.0
Stealth        | 1 2 3 5 6 8 |  8.7
Staves         | 4 5 6 7 9 12 13 14 | 14.0
Fighting       | 3 4 5 7 8 10 11 13 | 13.8
Evocations     | 1 |  1.3
Invocations    | 2 4 6 |  6.0
Throwing       | |  1.7

Action                   |  1- 3 |  4- 6 |  7- 9 | 10-12 | 13-15 || total
-------------------------+-------+-------+-------+-------+-------++-------
Melee: Quarterstaff      |    52 |   179 |   497 |  1265 |   712 ||  2705
       Tailslap          |     3 |    16 |    72 |   240 |   164 ||   495
       Scimitar          |       |       |       |     5 |       ||     5
Throw: Throwing net      |       |       |     1 |     8 |       ||     9
       Dart              |       |       |       |    11 |       ||    11
       Javelin           |       |       |       |       |     1 ||     1
 Abil: Breathe Dispellin |       |       |     8 |     3 |       ||    11
Evoke: Wand              |       |       |       |    15 |     2 ||    17
       Phial of floods   |       |       |       |     1 |       ||     1
       Condenser vane    |       |       |       |     1 |       ||     1
  Use: Potion            |       |     4 |     1 |     2 |     1 ||     8
       Scroll            |       |       |       |    24 |     6 ||    30
 Stab: Sleeping          |     1 |     6 |    10 |    25 |    15 ||    57
       Distracted        |       |     1 |     1 |     1 |       ||     3
       Held in net/web   |       |       |       |     7 |       ||     7
Armor: Skin              |    21 |    79 |   260 |   429 |   198 ||   987
Dodge: Dodged            |    35 |   136 |   378 |   905 |   484 ||  1938
